 Dungeon Crawl Stone Soup version 0.27.0-1-g7a089689b8 (webtiles) character file.

Game seed: 17416419091534912331

21 SnakkuSnakku7 the Skirmisher (level 2, -12/32 HPs)
             Began as an Ogre Delver on Aug 7, 2021.
             Mangled by a mummy (19 damage)
             ... in an ossuary.
             The game lasted 00:02:08 (469 turns).

SnakkuSnakku7 the Skirmisher (Ogre Delver)           Turns: 469, Time: 00:02:09

Health: -12/32     AC:  3    Str: 15    XL:     2   Next: 87%
Magic:  2/2        EV:  9    Int: 11    God:
Gold:   9          SH:  0    Dex: 10    Spells: 1/1 levels left

rFire    . . .     SeeInvis .   a - +0 mace
rCold    . . .     Faith    .   (no shield)
rNeg     . . .     Spirit   .   b - +0 robe
rPois    .         Reflect  .   (helmet restricted)
rElec    .         Harm     .   (no cloak)
rCorr    .         Rampage  .   (gloves unavailable)
Will     .....                  (boots unavailable)
Stlth    ++........             (no amulet)
HPRegen  0.10/turn              (no ring)
MPRegen  0.08/turn              (no ring)

@: hasted, very quick
A: large, unfitting armour, tough skin 1
a: no special abilities


You were in an ossuary.
You visited 1 branch of the dungeon, and saw 1 of its levels.
You also visited: Ossuary.

You collected 9 gold pieces.

Inventory:

Hand Weapons
 a - a +0 mace (weapon)
Armour
 b - a +0 robe (worn)
Wands
 g - a wand of digging (3)
Scrolls
 c - a scroll of fog
 d - a scroll of teleportation {unknown}
 e - a scroll of fear


   Skills:
 - Level 4.0 Fighting
 + Level 3.0 Maces & Flails
 - Level 1.7 Dodging
 - Level 3.7 Stealth


You had one spell level left.
You didn't know any spells.
Your spell library was empty.

Dungeon Overview and Level Annotations

Branches:
Dungeon (5/15)            Ossuary (1/1)
 Temple: D:4-7

Altars:

Shops:
D:5 *

Annotations:
D:5 exclusion: skeleton


Innate Abilities, Weirdness & Mutations

You are too large for most types of armour.
You have tough skin. (AC +1)


Message History

Found a white potion.
You barely miss the mummy. The mummy closely misses you.
You hit the mummy.
The mummy is lightly damaged.
You hit the mummy but do no damage.
The mummy is lightly damaged.
The mummy hits you!
You hit the mummy.
The mummy is heavily damaged.
The mummy hits you!
You are too injured to fight recklessly!
You are too injured to fight recklessly!
You are too injured to fight recklessly!
The mummy closely misses you.
There is an open door, spattered with blood here.
Okay, then.
You hit the mummy.
The mummy is severely damaged.
You hit the mummy.
The mummy is severely damaged.
The mummy hits you!
* * * LOW HITPOINT WARNING * * *
There is an open door here.
You close the door.
You start resting.
A mummy opens the door.
You feel yourself speed up.
You close the door.
A mummy opens the door.
You close the door.
There's nothing to close nearby.
There's nothing to close nearby.
You start resting.
A mummy opens the door.
You hit the mummy.
The mummy is almost destroyed.
You hit the mummy.
The mummy is almost destroyed.
The mummy hits you!!
Ouch! That really hurt!
You die...

##.## ###...#
## #!'...+ M
###...# .#
##.## ..# #'##
### #.# #..##
##'###..#
##..###...#..#
##...M@..+.#
#####...###
##.## #'#
##.## #∩.∩#
#####


You could see a mummy.

Vanquished Creatures
  A mummy (Ossuary)
  An ufetubus (D:5)
  2 gnoll skeletons (Ossuary)
  A goblin skeleton (Ossuary)
  A goblin zombie (D:5)
  A rat zombie (D:5)
7 creatures vanquished.

Notes
Turn   | Place    | Note
-------+----------+-------------------------------------------
     0 | D:5      | SnakkuSnakku7 the Ogre Delver began the quest for the Orb.
     0 | D:5      | Reached XP level 1. HP: 24/24 MP: 1/1
    61 | D:5      | Noticed a scorpion
    97 | D:5      | Found Eriofron's CLEARANCE SALE! EVERYTHING MUST GO!.
   136 | D:5      | Found a sand-covered staircase.
   149 | D:5      | Reached XP level 2. HP: 32/32 MP: 2/2
   152 | Ossuary  | Entered an ossuary
   469 | Ossuary  | Mangled by a mummy

Illustrated notes

Levels and vault maps discovered:
D:5:      layout_gridville, enter_ossuary_4, nicolae_shop_clearance
Ossuary:  ossuary_due_small_catacomb

Skill      XL: |  1  2 |
---------------+-------+-----
Maces & Flails | 2 3 |  3.0
Fighting       | |  4.0
Dodging        | |  1.7
Stealth        | |  3.7

Action                   || total
-------------------------++-------
Melee: Mace              ||    32
  Use: Scroll            ||     1
       Potion            ||     1
 Stab: Sleeping          ||     2
Armor: Robe              ||     6
Dodge: Dodged            ||    11
